 Dungeon Crawl Stone Soup version 0.26.1-11-gd32895ea62 (webtiles) character file.

Game seed: 7582158828317028575

7728 pascalblue the Destroyer (level 11, -4/54 HPs)
             Began as a Deep Elf Conjurer on June 2, 2021.
             Was a High Priest of Sif Muna.
             Slain by Fannar
             ... wielding an uncursed staff of cold
              (12 damage)
             ... on level 10 of the Dungeon.
             The game lasted 00:40:22 (11677 turns).

pascalblue the Destroyer (Deep Elf Conjurer)       Turns: 11677, Time: 00:40:22

Health: -4/54      AC: 12    Str:  4    XL:     11   Next: 0%
Magic:  13/29      EV: 28    Int: 33    God:    Sif Muna [*****.]
Gold:   538        SH:  0    Dex: 13    Spells: 20/34 levels left

rFire    . . .     SeeInvis .   J - +2 dagger (distort)
rCold    . . .     Faith    .   (no shield)
rNeg     . . .     Spirit   .   a - +2 robe
rPois    .         Reflect  .   d - +2 helmet
rElec    .         Harm     .   o - +2 cloak
rCorr    .         Rampage  .   A - +1 pair of gloves
Will     +....                  (no boots)
Stlth    ++........             H - amulet of the acrobat
HPRegen  0.18/turn              e - ring of wizardry
MPRegen  0.21/turn              g - +6 ring of intelligence

@: acrobat
A: no striking features
a: Renounce Religion, Channel Magic, Forget Spell, Divine Exegesis


You were on level 10 of the Dungeon.
You worshipped Sif Muna.
Sif Muna was extremely pleased with you.
You visited 1 branch of the dungeon, and saw 10 of its levels.

You collected 538 gold pieces.

Inventory:

Hand Weapons
 c - a +0 short sword
 n - a +2 dagger of draining
 J - a +2 dagger of distortion (weapon)
 P - the cursed +1 mace of Yckipt {venom, *Contam rF++ Will++}
   (You took it off an orc on level 9 of the Dungeon)

   It poisons the flesh of those it strikes.
   It greatly protects you from fire.
   It affects your willpower, your defense against some magical effects.
   It causes magical contamination when unequipped.
   It has a curse placed upon it.
Missiles
 v - 7 atropa-tipped darts
 G - 43 poisoned darts
Armour
 a - a +2 robe (worn)
 d - a +2 helmet (worn)
 o - a +2 cloak (worn)
 A - a +1 pair of gloves (worn)
 I - a +0 helmet
Jewellery
 e - a ring of wizardry (left hand)
 g - a +6 ring of intelligence (right hand)
 h - an uncursed ring of stealth
 q - an uncursed ring of stealth
 B - an uncursed ring of positive energy
 D - an uncursed amulet of regeneration
 H - an amulet of the acrobat (around neck)
 K - an uncursed ring of teleportation
 M - a -4 ring of evasion
 O - an uncursed ring of protection from cold
Wands
 t - a wand of iceblast (10)
 z - a wand of enslavement (7)
 L - a wand of polymorph (11)
Scrolls
 b - 4 scrolls of identify
 f - 4 scrolls of teleportation
 j - 2 scrolls of fog
 y - a scroll of remove curse
 F - 2 scrolls of magic mapping
 N - a scroll of amnesia
 Q - a scroll of enchant armour
Potions
 i - 2 potions of berserk rage
 k - a potion of degeneration
 l - 2 potions of might
 m - 4 potions of curing
 p - 2 potions of magic
 r - a potion of ambrosia
 u - a potion of haste
 w - 2 potions of brilliance
 x - a potion of resistance
 C - 2 potions of invisibility
 E - 3 potions of lignification


   Skills:
 - Level 2.4 Dodging
 - Level 2.4 Stealth
 + Level 12.2 Spellcasting
 * Level 12.6 Conjurations
 * Level 11.8 Hexes
 + Level 1.0 Air Magic
 + Level 1.2 Poison Magic
 - Level 5.2 Invocations


You had 20 spell levels left.
You knew the following spells:

 Your Spells              Type           Power        Failure   Level
a - Magic Dart            Conj           100%         0%          1
b - Searing Ray           Conj           100%         0%          2
c - Fulminant Prism       Conj/Hex       39%          1%          4
d - Mephitic Cloud        Conj/Pois/Air  52%          1%          3
e - Olgreb's Toxic Radia  Pois           28%          6%          4

Your spell library contained the following spells:

 Spells                   Type           Power        Failure   Level
 Corona                   Hex            86%          0%          1
 Foxfire                  Conj/Fire      100%         1%          1
 Sting                    Tmut/Pois      96%          1%          1
 Ensorcelled Hibernation  Hex/Ice        100%         1%          2
 Poisonous Vapours        Pois/Air       54%          1%          2
 Confusing Touch          Hex            78%          1%          3
 Conjure Flame            Conj/Fire      58%          1%          3
 Dazzling Flash           Conj/Hex       100%         1%          3
 Inner Flame              Hex/Fire       56%          1%          3
 Tukima's Dance           Hex            78%          1%          3
 Iskenderun's Mystic Bla  Conj/Tloc      58%          1%          4
 Sticky Flame             Conj/Fire      58%          1%          4
 Fireball                 Conj/Fire      29%          1%          5
 Ignite Poison            Fire/Tmut/Pois 22%          2%          3


Dungeon Overview and Level Annotations

Branches:
Dungeon (10/15)            Temple (0/1) D:6
   Lair: D:8-11         Orc: D:9-12

Altars:
Dithmenos
Elyvilon
Gozag
Kikubaaqudgha
Makhleb
Okawaru
Sif Muna
Wu Jian
Xom
Yredelemnul

Shops:
D:8 *   D:10 *

Annotations:
D:10 Fannar


Message History

Casting: Fulminant Prism (safe; 1% risk of failure)
Confirm with . or Enter, or press ? or * to list all spells.
Aiming: Searing Ray (safe; 0% risk of failure)
Press: ? - help, Shift-Dir - straight line, f - Fannar
Aim: Fannar, wielding a staff of cold and wearing a +1 robe of cold resistance (heavily wounded, covered in an icy film, 28% to evade)
The searing ray misses Fannar. (Press . to maintain the ray.)
The searing ray hits Fannar!
Fannar is severely wounded.
Fannar casts a spell.
Fannar drains the heat from the surrounding environment!
You feel very cold.
* * * LOW HITPOINT WARNING * * *
Fannar is frozen.
Fannar resists.
The searing ray hits Fannar!
Fannar is almost dead.
Fannar hits you with an uncursed staff of cold.
* * * LOW HITPOINT WARNING * * *
Fannar freezes you!
You die...

########
###......#####
#.(.####..)..#
#...#.#......#
#....#.#.....#
#[..####....@#
#...........e#
#.........(..#
#........(...#
#......(.(...#
#.................
############..(...
#...... ####).


You could see Fannar (icy armour).

Vanquished Creatures
  The ghost of roflc0ptic the Martial Artist, a novice OpTm of Sif Muna (D:8)
  An ugly thing (D:9)
  A troll (D:9)
  Grum (D:10)
  A wyvern (D:9)
  A water moccasin (D:8)
  2 sky beasts
  A black bear (D:8)
  A hornet zombie (D:9)
  2 orc warriors
  2 ice beasts
  A phantom (D:8)
  2 wolves (D:10)
  6 ogres
  3 centaurs
  4 bullfrogs
  15 big kobolds
  A wyvern skeleton (D:9)
  3 killer bees (D:9)
  4 scorpions
  A centaur zombie (D:5)
  6 orc priests
  5 hounds
  2 jellies (D:6)
  10 orc wizards
  Ijyb (D:5)
  An iguana (D:8)
  5 worker ants
  A hound skeleton (D:8)
  A hound zombie (D:8)
  Robin (D:4)
  13 adders
  4 gnolls
  3 white imps
  An adder skeleton (D:5)
  4 worms
  3 dart slugs
  5 leopard geckos
  45 orcs
  10 bats
  8 giant cockroaches
  22 goblins
  10 hobgoblins
  5 jackals
  4 quokkas
  3 ball pythons
  3 frilled lizards
  29 kobolds
  A leopard gecko skeleton (D:6)
  A quokka skeleton (D:4)
  8 rats
269 creatures vanquished.

Vanquished Creatures (collateral kills)
  A hound (D:6)
  An orc (D:6)
2 creatures vanquished.

Vanquished Creatures (others)
  14 fulminant prisms
  4 fungi (D:8)
  5 plants (D:10)
23 creatures vanquished.

Grand Total: 294 creatures vanquished

Notes
Turn   | Place    | Note
-------+----------+-------------------------------------------
     0 | D:1      | pascalblue the Deep Elf Conjurer began the quest for the
                  | Orb.
     0 | D:1      | Reached XP level 1. HP: 10/10 MP: 6/6
   361 | D:1      | Reached XP level 2. HP: 15/15 MP: 4/8
   800 | D:1      | Learned a level 2 spell: Searing Ray
   817 | D:1      | Reached skill level 5 in Conjurations
   915 | D:1      | You fall into a shaft and drop 1 floor!
  1023 | D:2      | Reached XP level 3. HP: 19/19 MP: 5/10
  1090 | D:2      | Found a shimmering blue altar of Sif Muna.
  1099 | D:2      | Became a worshipper of Sif Muna the Loreminder
  1958 | D:2      | Reached XP level 4. HP: 24/24 MP: 6/12
  2033 | D:2      | Learned a level 4 spell: Fulminant Prism
  2132 | D:2      | Reached skill level 1 in Hexes
  2418 | D:2      | Reached XP level 5. HP: 28/28 MP: 0/13
  2872 | D:2      | Reached * piety under Sif Muna
  3053 | D:3      | Reached skill level 1 in Invocations
  3589 | D:3      | Found a basalt altar of Yredelemnul.
  3629 | D:3      | Reached ** piety under Sif Muna
  3829 | D:4      | Noticed Robin
  3896 | D:4      | Reached skill level 5 in Spellcasting
  3896 | D:4      | Reached XP level 6. HP: 32/32 MP: 4/15
  3988 | D:4      | Killed Robin
  4064 | D:4      | Found an iron altar of Okawaru.
  4064 | D:4      | Found an ornate altar of the Wu Jian Council.
  5005 | D:5      | Entered Level 5 of the Dungeon
  5005 | D:5      | Noticed Ijyb
  5010 | D:5      | Killed Ijyb
  5126 | D:5      | Reached *** piety under Sif Muna
  5651 | D:5      | Reached XP level 7. HP: 36/36 MP: 9/17
  5882 | D:5      | Reached skill level 5 in Hexes
  6798 | D:6      | Reached XP level 8. HP: 41/41 MP: 14/19
  6848 | D:6      | Found a shimmering altar of Xom.
  7389 | D:6      | Found a staircase to the Ecumenical Temple.
  7858 | D:7      | Found a burning altar of Makhleb.
  7858 | D:7      | Found a white marble altar of Elyvilon.
  8068 | D:7      | Reached skill level 10 in Hexes
  8068 | D:7      | Reached XP level 9. HP: 45/45 MP: 12/26
  8367 | D:7      | Found an opulent altar of Gozag.
  8501 | D:7      | Found a shadowy altar of Dithmenos.
  8572 | D:7      | Reached **** piety under Sif Muna
  8995 | D:8      | Found a runed translucent gate.
  8995 | D:8      | Found a runed translucent gate.
  8995 | D:8      | Found a runed translucent gate.
  9044 | D:8      | Noticed roflc0ptic's ghost (novice OpTm)
  9064 | D:8      | Killed roflc0ptic's ghost
  9065 | D:8      | Reached XP level 10. HP: 42/50 MP: 15/27
  9411 | D:8      | Found Eqecihae's General Store.
  9553 | D:8      | Reached skill level 5 in Invocations
  9801 | D:8      | Found an ancient bone altar of Kikubaaqudgha.
 10158 | D:8      | Found an ornate altar of the Wu Jian Council.
 10304 | D:9      | Reached ***** piety under Sif Muna
 10309 | D:9      | Received a gift from Sif Muna
 10480 | D:9      | Noticed a two-headed ogre
 10592 | D:9      | Identified the cursed +1 mace of Yckipt {venom, *Contam
                  | rF++ Will++}
 10642 | D:9      | Learned a level 3 spell: Mephitic Cloud
 10647 | D:9      | Learned a level 4 spell: Olgreb's Toxic Radiance
 10707 | D:9      | Noticed a red ugly thing
 10715 | D:9      | Killed a red ugly thing
 11370 | D:10     | Entered Level 10 of the Dungeon
 11370 | D:10     | Noticed Grum
 11370 | D:10     | Noticed Fannar
 11374 | D:10     | Reached skill level 1 in Poison Magic
 11375 | D:10     | Killed Grum
 11376 | D:10     | Reached skill level 1 in Air Magic
 11377 | D:10     | HP: 2/50 [Fannar/bolt of cold (32)]
 11382 | D:10     | Found Jaonkoc's Assorted Antiques.
 11663 | D:10     | Reached XP level 11. HP: 42/54 MP: 22/29
 11677 | D:10     | Slain by Fannar

Illustrated notes

Levels and vault maps discovered:
D:1:      ebering_hopf_link, layout_loops_corners, serial_forest,
          infiniplex_forest_lined_2, infiniplex_forest_clump_cross,
          infiniplex_forest_lined_room_2, infiniplex_forest_end_2,
          infiniplex_forest_end_2, infiniplex_forest_zigzag_1,
          infiniplex_forest_lined_2, infiniplex_forest_lined_3_way,
          infiniplex_forest_side_room
D:2:      layout_loops_ring, lemuel_coloured_pillars_altar
D:3:      layout_rooms, yredelemnul_altar_generic
D:4:      cheibrodos_greedy_goblins, layout_cave_pods,
          gammafunk_temple_overflow_pools, serial_column_ruins,
          column_ruins_circle_medium, column_ruins_hut, column_ruins_grid_4,
          column_ruins_grid_1, column_ruins_open_medium, column_ruins_grid_3,
          column_ruins_open_tiny, uniq_robin
D:5:      layout_basic, uniq_ijyb
D:6:      layout_loops_corners, lemuel_doored_altar, minmay_temple_entry_grid,
          corexii_corridor_pit, minmay_between
D:7:      layout_basic, nicolae_gozag_seed_capital,
          gammafunk_temple_overflow_forgotten
D:8:      layout_loops_ring, old_standard_altar, basic_altar,
          gammafunk_ghost_nasty_kobolds, serial_shops, shop
D:9:      layout_cave_pools, hex_medium, minmay_misc_feat_alley,
          lightli_corner_chamber
D:10:     layout_basic, dpeg_oklobed_lair, serial_shops, shop_statue,
          nicolae_shop_statue_plus, kennysheep_mini_moat,
          nicolae_shop_temple_entry_statues_fountains, minmay_misc_feat_tiny,
          uniq_grum, uniq_snorg, uniq_erolcha, uniq_fannar

Skill      XL: |  1  2  3  4  5  6  7  8  9 10 |
---------------+-------------------------------+-----
Conjurations   | 5 6 7 11 12 | 12.6
Spellcasting   | 4 5 6 11 12 | 12.2
Hexes          | 1 3 4 6 10 11 | 11.8
Invocations    | 1 2 3 4 5 |  5.2
Poison Magic   | 1 |  1.2
Air Magic      | 1 |  1.0
Dodging        | |  2.4
Stealth        | |  2.4

Action                   |  1- 3 |  4- 6 |  7- 9 | 10-12 || total
-------------------------+-------+-------+-------+-------++-------
Melee: Short sword       |     7 |       |       |       ||     7
       Dagger            |       |    18 |     1 |     4 ||    23
 Cast: Magic Dart        |    70 |   138 |   123 |    81 ||   412
       Searing Ray       |       |    20 |    19 |    33 ||    72
       Fulminant Prism   |       |     1 |     2 |    11 ||    14
  Use: Scroll            |     9 |     8 |    13 |     5 ||    35
       Potion            |       |       |     1 |     2 ||     3
Armor: Robe              |     3 |    26 |     7 |    24 ||    60
Dodge: Dodged            |     7 |    59 |    20 |    76 ||   162
